 Dungeon Crawl Stone Soup version 0.19.0-2-gae57169 (console) character file.

36721 LostShepherdess the Basher (level 13, -3/114 HPs)
             Began as a Demigod Necromancer on Nov 7, 2016.
             Slain by a blink frog (9 damage)
             ... on level 6 of the Lair of Beasts.
             The game lasted 00:58:42 (24807 turns).

LostShepherdess the Basher (Demigod Necromancer)   Turns: 24807, Time: 00:58:42

Health: -3/114     AC: 11    Str: 11    XL:     13   Next: 22%
Magic:  22/22      EV: 17    Int: 23    God:
Gold:   1398       SH:  0    Dex: 20    Spells: 6 memorised, 4 levels left

rFire  + + .     SeeInvis .     R - +7 great mace {inner flame, rF++}
rCold  + . .     Gourm    .     C - +2 leather armour {MR+}
rNeg   . . .     Faith    .     (shield currently unavailable)
rPois  .         Spirit   .     r - +0 helmet
rElec  .         Reflect  .     A - +0 cloak
rCorr  .         Harm     .     T - +1 pair of gloves
MR     +++..                    K - +1 pair of boots
Stlth  ++........               z - amulet of regeneration
                                L - ring of protection from magic
                                e - ring of protection from cold

@: lethally poisoned (-3 -> -41), frozen, studying Long Blades, drained, very
slow
A: high mp 1
a: no special abilities


You were on level 6 of the Lair of Beasts.
You were not hungry.

You visited 3 branches of the dungeon, and saw 17 of its levels.
You also visited: Ice Cave.

You collected 1546 gold pieces.
You spent 148 gold pieces at shops.

Inventory:

Hand Weapons
 x - a +4 flail
 R - the +7 great mace "Firestarter" (weapon) {inner flame, rF++}
   (You found it on level 2 of the Lair of Beasts)

   It has been specially enchanted to burn those struck by it, causing extra
   injury to most foes and up to half again as much damage against particularly
   susceptible opponents.
   It greatly protects you from fire.
Armour
 r - a +0 helmet (worn)
 A - a +0 cloak (worn)
 C - a +2 leather armour of magic resistance (worn)
 I - +0 ice dragon scales
 K - a +1 pair of boots (worn)
 T - a +1 pair of gloves (worn)
Jewellery
 e - a ring of protection from cold (left hand)
 k - an uncursed amulet of the gourmand
 z - an amulet of regeneration (around neck)
 D - an uncursed ring of positive energy
 F - an uncursed ring of protection from cold
 L - a ring of protection from magic (right hand)
Wands
 a - a wand of confusion (15/48)
 n - a wand of paralysis (21/24)
 w - a wand of disintegration (17/24)
 P - a wand of paralysis (10/24)
 Q - a wand of iceblast (7/15)
 Y - a wand of iceblast (8/15)
 Z - a wand of acid (7/15)
Scrolls
 j - a scroll of amnesia
 l - 3 scrolls of remove curse
 o - 2 scrolls of recharging
 s - 4 scrolls of enchant weapon
 v - a scroll of identify
 y - 5 scrolls of teleportation
 G - a scroll of fear
 M - a scroll of enchant armour
Potions
 d - a potion of haste
 f - 4 potions of might
 g - 4 potions of flight
 h - a potion of ambrosia
 i - 8 potions of curing
 m - 4 potions of heal wounds
 p - 2 potions of agility
 q - a potion of berserk rage
 u - a potion of magic
 B - a potion of brilliance
 H - a potion of resistance
Books
 b - a book of Necromancy

   Spells                             Type                      Level
   a - Pain                           Necromancy                   1
   b - Animate Skeleton               Necromancy                   1
   c - Vampiric Draining              Necromancy                   3
   d - Regeneration                   Charms/Necromancy            3
   e - Animate Dead                   Necromancy                   4
   f - Control Undead                 Necromancy                   4
 E - a book of Conjurations

   Spells                             Type                      Level
   a - Magic Dart                     Conjuration                  1
   b - Searing Ray                    Conjuration                  2
   c - Dazzling Spray                 Conjuration/Hexes            3
   d - Fulminant Prism                Conjuration/Hexes            4
   e - Iskenderun's Mystic Blast      Conjuration                  4
   f - Iskenderun's Battlesphere      Conjuration/Charms           5
 J - a book of Callings

   Spells                             Type                      Level
   a - Summon Small Mammal            Summoning                    1
   b - Call Imp                       Summoning                    2
   c - Call Canine Familiar           Summoning                    3
   d - Summon Guardian Golem          Hexes/Summoning              3
   e - Summon Lightning Spire         Summoning/Air                4
   f - Summon Ice Beast               Ice/Summoning                4
 S - a manual of Long Blades
Miscellaneous
 U - a lamp of fire
Comestibles
 c - 11 bread rations
 t - 6 meat rations
 N - a chunk of flesh
 W - 9 slices of pizza
 X - 10 royal jellies


   Skills:
 + Level 10.4(10.2) Fighting
 + Level 13.6(13.4) Maces & Flails
 - Level 7.0(6.8) Dodging
 - Level 1.8(1.7) Stealth
 - Level 4.0(3.8) Spellcasting
 - Level 4.0(3.8) Charms
 - Level 8.0(7.8) Necromancy
 - Level 6.0(5.8) Evocations


You had 4 spell levels left.
You knew the following spells:

 Your Spells              Type           Power        Failure   Level  Hunger
a - Pain                  Necr           ####         1%          1    None
b - Animate Skeleton      Necr           N/A          1%          1    None
c - Vampiric Draining     Necr           #####.....   1%          3    ###....
d - Regeneration          Chrm/Necr      ####......   4%          3    ###....
e - Control Undead        Necr           #####.....   8%          4    ####...
f - Animate Dead          Necr           N/A          8%          4    ####...


Dungeon Overview and Level Annotations

Branches:
Dungeon (10/15)            Temple (1/1) D:4            Lair (6/6) D:10
  Swamp (0/4) Lair:3        Snake (0/4) Lair:2        Slime (0/5) Lair:5
    Orc: D:9-12

Shops:
D:5 %*?

Annotations:
D:10 exclusion: oklob sapling
Lair:4 exclusion: oklob plant


Innate Abilities, Weirdness & Mutations

You have an increased reservoir of magic. (+10% MP)


Message History

The rime drake breathes ice at you. The flash freeze hits you!
You partially resist.
* * * LOW HITPOINT WARNING * * *
You are encased in ice.
The black mamba barely misses you. The blink frog hits you.
* * * LOW HITPOINT WARNING * * *
Unknown command.
You hit the black mamba. You burn the black mamba.
The black mamba is severely wounded.
* * * LOW HITPOINT WARNING * * *
You feel very sick.
The black mamba bites you but does no damage.
The rime drake misses you. The blink frog completely misses you.
The blink frog misses you.
The blink frog blinks!
The black mamba bites you!
* * * LOW HITPOINT WARNING * * *
You are more poisoned.
The black mamba poisons you! The rime drake bites you.
* * * LOW HITPOINT WARNING * * *
The blink frog hits you!
You die...

#...k....F...
#........... #..........
##........# #.........#
##........##
#..........#
#.....SkF..#
#.....ยง@..##
##....FF..##
#..........##
............######## ##
##............##...####.
#...F...................
##......................
#......................
#......................


You could see a black mamba (inner flame), 4 blink frogs and a rime drake.

Vanquished Creatures
  3 hydras
  A catoblepas (Lair:4)
  2 ice dragons (IceCv)
  Sonja (Lair:3)
  Nergalle (Lair:3)
  A fire crab (Lair:6)
  2 hill giants
  An ugly thing (D:10)
  4 elephants (Lair:3)
  2 ice statues (IceCv)
  12 spiny frogs
  2 black mambas
  5 rime drakes
  A torpor snail (Lair:5)
  9 komodo dragons
  2 trolls (D:10)
  2 ice devils (Lair:5)
  A queen bee (Lair:3)
  Prince Ribbit (D:5)
  4 dream sheep (Lair:5)
  2 two-headed ogres (D:8)
  7 blink frogs (Lair:6)
  2 hippogriffs
  A human (D:10)
  28 yaks
  A basilisk (Lair:3)
  A steam dragon (D:10)
  6 water moccasins
  3 porcupines
  17 ice beasts
  A swamp drake (D:10)
  2 orc warriors (D:6)
  A black bear (D:9)
  A phantom (D:4)
  3 ogres
  7 wolves
  2 centaurs
  17 crocodiles
  2 big kobolds (D:10)
  11 bullfrogs
  A scorpion (D:10)
  2 water moccasin skeletons
  22 killer bees
  3 wights
  3 electric eels (Lair:5)
  3 howler monkeys
  2 crimson imps
  A bullfrog zombie (D:7)
  2 quasits
  5 orc priests
  8 hounds
  A jelly (D:9)
  3 centaur skeletons
  6 iguanas
  Ijyb (D:2)
  5 orc wizards
  8 worker ants
  A killer bee zombie (D:10)
  Robin (D:3)
  2 worker ant zombies
  7 gnolls
  18 adders
  3 shadow imps
  An adder zombie (D:5)
  3 adder skeletons
  3 worms
  3 dart slugs
  8 leopard geckos
  25 orcs
  3 bats
  4 giant cockroaches
  11 goblins
  11 hobgoblins
  11 jackals
  5 quokkas
  7 ball pythons
  4 frilled lizards
  A jackal skeleton (D:4)
  21 kobolds
  A leopard gecko zombie (D:5)
  A quokka zombie (D:5)
  7 rats
  A fungus (Lair:3)
  19 plants
430 creatures vanquished.

Vanquished Creatures (collateral kills)
  A hydra (Lair:2)
  A black mamba (Lair:2)
  Joseph (D:8)
  3 spiny frogs
  A hippogriff (Lair:2)
  4 yaks (Lair:2)
  A hungry ghost (D:8)
  A naga (Lair:2)
  A water moccasin (Lair:2)
  2 porcupines
  A crocodile (Lair:3)
  A bullfrog (Lair:2)
  An iguana (D:10)
  A gnoll (D:5)
  An ooze (D:2)
  A worm (D:3)
  A giant cockroach (D:5)
  A hobgoblin (D:1)
  A goblin (D:2)
25 creatures vanquished.

Vanquished Creatures (others)
  A blink frog (Lair:6)
  A bush (D:10)
  10 fungi
  27 plants
39 creatures vanquished.

Grand Total: 494 creatures vanquished

Notes
Turn   | Place    | Note
-------+----------+-------------------------------------------
     0 | D:1      | LostShepherdess the Demigod Necromancer began the quest for the Orb.
     0 | D:1      | Reached XP level 1. HP: 14/14 MP: 5/5
   777 | D:1      | Learned a level 1 spell: Animate Skeleton
   839 | D:1      | Reached XP level 2. HP: 12/20 MP: 0/7
  1439 | D:2      | Found a faded altar of an unknown god.
  1505 | D:2      | Reached XP level 3. HP: 24/26 MP: 6/8
  1598 | D:2      | Noticed Ijyb
  1608 | D:2      | Killed Ijyb
  1608 | D:2      | Reached skill level 5 in Necromancy
  1965 | D:2      | Learned a level 3 spell: Vampiric Draining
  2162 | D:2      | Reached XP level 4. HP: 29/33 MP: 5/9
  3216 | D:2      | Reached XP level 5. HP: 37/38 MP: 8/12
  3428 | D:2      | Learned a level 3 spell: Regeneration
  3890 | D:3      | Noticed Robin
  4032 | D:3      | Killed Robin
  4304 | D:1      | Reached skill level 1 in Charms
  4922 | D:4      | Reached XP level 6. HP: 41/45 MP: 10/13
  5280 | D:4      | Found a staircase to the Ecumenical Temple.
  5305 | Temple   | Entered the Ecumenical Temple
  5633 | D:4      | Found a burning altar of Makhleb.
  5736 | D:4      | Found a hazy altar of Hepliaklqana.
  5736 | D:4      | Found a faded altar of an unknown god.
  5741 | D:4      | Found a shattered altar of Ashenzari.
  5743 | D:4      | Found a radiant altar of Vehumet.
  5745 | D:4      | Found a sacrificial altar of Ru.
  6350 | D:4      | Reached skill level 1 in Maces & Flails
  6350 | D:4      | Reached XP level 7. HP: 29/50 MP: 14/14
  6410 | D:5      | Entered Level 5 of the Dungeon
  6671 | D:5      | Noticed Prince Ribbit
  6699 | D:5      | Killed Prince Ribbit
  6699 | D:5      | Reached skill level 2 in Maces & Flails
  6904 | D:5      | Found a white marble altar of Elyvilon.
  7223 | D:5      | Found Ewnekeff's General Store.
  7286 | D:5      | Bought a potion of curing for 39 gold pieces
  7286 | D:5      | Bought a potion of curing for 39 gold pieces
  7386 | D:5      | Found Peenigemo's Food Emporium.
  7438 | D:5      | Found Nesch's Magic Scroll Emporium.
  7445 | D:5      | Bought a scroll of teleportation for 42 gold pieces
  7445 | D:5      | Bought a scroll of identify for 28 gold pieces
  7629 | D:5      | Reached skill level 3 in Maces & Flails
  7683 | D:5      | Reached XP level 8. HP: 20/57 MP: 16/16
  7718 | D:5      | Learned a level 4 spell: Control Undead
  8290 | D:6      | Found a stormy altar of Qazlal.
  8304 | D:6      | Got an ancient robe
  8315 | D:6      | Identified the +1 robe "Parhorok" {Str+6 Dex-2 Slay+3} (You found it on level 6 of the Dungeon)
  8357 | D:6      | Found an iron altar of Okawaru.
  8723 | D:6      | Noticed a hill giant
  8999 | D:7      | Reached skill level 4 in Maces & Flails
  9562 | D:7      | Found a sparkling altar of Nemelex Xobeh.
  9796 | D:7      | Reached skill level 5 in Maces & Flails
 10414 | D:7      | Reached XP level 9. HP: 50/62 MP: 11/18
 10700 | D:8      | Noticed Joseph
 10749 | D:8      | Killed Joseph
 11050 | D:8      | Reached skill level 6 in Maces & Flails
 11250 | D:8      | Reached skill level 5 in Dodging
 11764 | D:9      | Learned a level 4 spell: Animate Dead
 11867 | D:9      | Reached skill level 7 in Maces & Flails
 12198 | D:9      | Noticed a hill giant
 12200 | D:9      | Noticed a tengu warrior
 12576 | D:9      | Killed a hill giant
 12707 | D:10     | Entered Level 10 of the Dungeon
 13214 | D:10     | Noticed a hill giant
 13227 | D:10     | Killed a hill giant
 13227 | D:10     | Reached skill level 1 in Evocations
 13227 | D:10     | Reached XP level 10. HP: 21/69 MP: 12/19
 13293 | D:10     | Reached skill level 8 in Maces & Flails
 13903 | D:10     | HP: 2/69 [komodo dragon (25)]
 14440 | D:10     | Reached skill level 9 in Maces & Flails
 14630 | D:10     | Found a staircase to the Lair.
 14822 | D:10     | Reached skill level 5 in Evocations
 15189 | D:10     | Noticed a green ugly thing
 15200 | D:10     | Killed a green ugly thing
 15628 | Lair:1   | Entered Level 1 of the Lair of Beasts
 15719 | Lair:1   | Reached XP level 11. HP: 50/74 MP: 0/20
 15797 | Lair:1   | Reached skill level 1 in Fighting
 15908 | Lair:1   | Got a heavily runed chain mail
 15919 | Lair:1   | Identified the +3 chain mail of Gallantry {+Inv rC+ Dex+5 Slay+2} (You found it on level 1 of the Lair of Beasts)
 16229 | Lair:1   | Reached skill level 10 in Maces & Flails
 17153 | Lair:2   | Noticed a five-headed hydra
 17502 | Lair:2   | Found a staircase to the Snake Pit.
 17593 | Lair:2   | Noticed an eight-headed hydra
 17825 | Lair:2   | Killed a five-headed hydra
 17875 | Lair:2   | Reached skill level 5 in Fighting
 17928 | Lair:2   | Killed an eight-headed hydra
 17931 | Lair:2   | Reached skill level 11 in Maces & Flails
 19412 | Lair:3   | Reached XP level 12. HP: 18/97 MP: 12/21
 19553 | Lair:3   | Found a staircase to the Swamp.
 19649 | Lair:3   | Noticed Sonja
 19662 | Lair:3   | Killed Sonja
 19664 | Lair:3   | Noticed Nergalle
 19672 | Lair:3   | Killed Nergalle
 19845 | Lair:3   | Reached skill level 12 in Maces & Flails
 20525 | Lair:4   | Noticed a four-headed hydra
 20538 | Lair:4   | Killed a four-headed hydra
 20594 | Lair:4   | Noticed a catoblepas
 20654 | Lair:4   | Killed a catoblepas
 20812 | Lair:4   | Noticed a five-headed hydra
 20829 | Lair:4   | Killed a five-headed hydra
 22253 | Lair:5   | Reached skill level 13 in Maces & Flails
 22563 | Lair:5   | Found a frozen archway.
 22611 | IceCv    | Entered an ice cave
 23434 | IceCv    | Noticed an ice dragon
 23440 | IceCv    | Noticed an ice dragon
 23457 | IceCv    | Killed an ice dragon
 23457 | IceCv    | Reached XP level 13. HP: 43/113 MP: 22/22
 23769 | IceCv    | Got a clouded brass amulet
 23772 | IceCv    | Identified the amulet of Virtue {Harm *Drain Str+6 Dex+2} (You found it in an ice cave)
 24114 | Lair:5   | Reached skill level 10 in Fighting
 24237 | Lair:5   | Found a viscous altar of Jiyva.
 24238 | Lair:5   | Found a staircase to the Slime Pits.
 24440 | Lair:6   | Entered Level 6 of the Lair of Beasts
 24441 | Lair:6   | Found a shattered altar of Ashenzari.
 24807 | Lair:6   | Slain by a blink frog

Skill      XL: |  1  2  3  4  5  6  7  8  9 10 11 12 13 |
---------------+----------------------------------------+-----
Necromancy     | 4 5 6 7 8 |  8.0
Spellcasting   | 2 3 4 |  4.0
Charms         | 1 3 4 |  4.0
Maces & Flails | 1 3 5 7 9 11 13 | 13.6
Dodging        | 3 6 7 |  7.0
Evocations     | 1 5 6 |  6.0
Fighting       | 6 9 10 | 10.4
Stealth        | |  1.8

Action                   |  1- 3 |  4- 6 |  7- 9 | 10-12 | 13-15 || total
-------------------------+-------+-------+-------+-------+-------++-------
Melee: Unarmed           |     4 |       |       |       |       ||     4
       Dagger            |    39 |       |       |       |       ||    39
       Mace              |     3 |    65 |       |       |       ||    68
       Quarterstaff      |       |    17 |       |       |       ||    17
       Flail             |       |    52 |   442 |   320 |       ||   814
       Great mace        |       |       |       |   275 |    79 ||   354
 Cast: Pain              |    48 |    63 |    73 |    51 |     2 ||   237
       Animate Skeleton  |     6 |     8 |     9 |     8 |     1 ||    32
       Vampiric Draining |       |    30 |    49 |   125 |     5 ||   209
       Regeneration      |       |     1 |     1 |    32 |     1 ||    35
       Control Undead    |       |       |     6 |       |       ||     6
       Animate Dead      |       |       |       |    13 |       ||    13
Evoke: Wand              |       |       |     5 |    21 |     3 ||    29
       Lamp of fire      |       |       |     1 |     1 |       ||     2
  Use: Scroll            |       |     4 |    14 |    16 |     1 ||    35
       Potion            |       |       |       |     2 |     1 ||     3
 Stab: Sleeping          |       |     1 |     5 |     4 |     1 ||    11
       Confused          |       |       |       |     9 |     1 ||    10
       Distracted        |       |       |       |     2 |       ||     2
  Eat: Chunk             |     4 |    15 |    19 |    34 |     5 ||    77
       Meat ration       |       |       |     2 |     1 |       ||     3
       Pizza             |       |       |     1 |     1 |       ||     2
       Fruit             |       |       |       |     4 |       ||     4
       Beef jerky        |       |       |       |     1 |       ||     1
Armor: Robe              |    13 |    33 |    32 |       |       ||    78
       Leather armour    |       |       |   122 |   200 |    18 ||   340
Dodge: Dodged            |    45 |   138 |   411 |   597 |    66 ||  1257
